 Dungeon Crawl Stone Soup version 0.30.1-11-g7821555f0a (webtiles) character file.

Game seed: 13428800853620026632

2861 Martska the Trooper (level 9, -2/74 HPs)
             Began as a Demonspawn Fighter on Dec 11, 2023.
             Was a Follower of Qazlal.
             Slain by an orc warrior
             ... wielding a +0 halberd
              (12 damage)
             ... on level 7 of the Dungeon.
             The game lasted 00:12:13 (7606 turns).

Martska the Trooper (Demonspawn Fighter)            Turns: 7606, Time: 00:12:13

Health: -2/74      AC:  9    Str: 20    XL:     9   Next: 47%
Magic:  12/12      EV: 12    Int:  9    God:    Qazlal [*.....]
Gold:   378        SH: 13    Dex: 14    Spells: 8/8 levels left

rFire   + . .        a - +0 trident
rCold   . . .        c - +0 buckler
rNeg    . . .        b - +0 scale mail
rPois   .            (helmet restricted)
rElec   .            (no cloak)
rCorr   .            v - +0 pair of gloves
SInv    +            A - +0 pair of boots
Will    .....        (no amulet) Stlth
                     z - ring of see invisible
HPRegen 0.32/turn    w - ring of protection from fire
MPRegen 0.13/turn

%: no passive effects
@: no status effects
A: horns 2, large bone plates 2
a: Renounce Religion


You were on level 7 of the Dungeon.
You worshipped Qazlal.
Qazlal was aware of your devotion.
You visited 1 branch of the dungeon, and saw 7 of its levels.

You collected 378 gold pieces.

Inventory:

Hand Weapons
 a - a +0 trident (weapon)
Armour
 b - a +0 scale mail (worn)
 c - a +0 buckler (worn)
 v - a +0 pair of gloves (worn)
 A - a +0 pair of boots (worn)
Jewellery
 w - a ring of protection from fire (right hand)
 z - a ring of see invisible (left hand)
Wands
 j - a wand of mindburst (14)
 u - a wand of flame (13)
 y - a wand of light (8)
Scrolls
 g - a scroll of amnesia
 h - 5 scrolls of immolation
 k - a scroll of fog
 m - 2 scrolls of enchant weapon
 p - 4 scrolls of teleportation
 q - a scroll of vulnerability
 r - 3 scrolls of noise
 s - a scroll of summoning
 t - a scroll of blinking {unknown}
 x - a scroll of magic mapping {unknown}
 D - a scroll of enchant armour {unknown}
Potions
 d - 2 potions of might
 e - 5 potions of curing
 f - 2 potions of heal wounds
 i - 2 potions of mutation {unknown}
 l - a potion of brilliance {unknown}
 n - 6 potions of attraction
 o - 3 potions of lignification
 C - a potion of magic {unknown}
 E - a potion of flight


   Skills:
 * Level 7.9 Fighting
 - Level 1.7 Polearms
 + Level 5.3 Armour
 * Level 6.6 Dodging
 + Level 5.4 Shields
 + Level 4.0 Invocations


You had 8 spell levels left.
You didn't know any spells.
Your spell library contained the following spells:

 Spells                   Type           Power      Damage    Failure   Level
 Freeze                   Ice            0%         1d3       80%         1
 Sting                    Tmut/Pois      0%         1d3       80%         1
 Cigotuvi's Dreadful Rot  Necr/Pois/Air  0%         N/A       90%         2
 Ensorcelled Hibernation  Hex/Ice        0%         N/A       90%         2
 Poisonous Vapours        Pois/Air       0%         N/A       90%         2
 Frozen Ramparts          Ice            0%         1d1       99%         3
 Hailstorm                Conj/Ice       0%         3d3       99%         3
 Ignite Poison            Fire/Tmut/Pois 0%         N/A       99%         3
 Spider Form              Tmut/Pois      0%         N/A       99%         3
 Stone Arrow              Conj/Erth      0%         3d7       99%         3
 Anguish                  Hex/Necr       0%         N/A       100%        4
 Animate Armour           Summ/Erth      0%         N/A       100%        4
 Olgreb's Toxic Radiance  Pois           0%         N/A       100%        4
 Freezing Cloud           Conj/Ice/Air   0%         6-21      100%        5
 Lehudib's Crystal Spear  Conj/Erth      0%         10d2      100%        8


Dungeon Overview and Level Annotations

Branches:
Dungeon (7/15)             Temple (0/1) D:6

Altars:
Makhleb
Qazlal
Uskayaw

Shops:
D:5 *   D:6 ?


Innate Abilities, Weirdness & Mutations

You have a pair of horns on your head.
You are mostly covered in large bone plates. (SH +6)


Message History

Aim: a centaur (almost dead, about 29% to evade your +0 trident)
You hit the centaur but do no damage.
You headbutt the centaur, but do no damage.
The centaur is almost dead.
You block the centaur's attack. The centaur closely misses you.
The centaur hits you.
* * * LOW HITPOINT WARNING * * *
The centaur kicks you.
* * * LOW HITPOINT WARNING * * *
You block the orc warrior's attack.
You closely miss the centaur. You headbutt the centaur.
You kill the centaur!
Qazlal accepts your kill. The orc warrior barely misses you.
Your Invocations skill increases to level 4!
The orc warrior completely misses you.
Items here: ( )) ††.
You hit the orc warrior.
The orc warrior is lightly wounded.
You block the orc warrior's attack.
You hit the orc warrior.
The orc warrior is lightly wounded.
The orc warrior barely misses you. The orc warrior misses you.
You barely miss the orc warrior.
The orc warrior is lightly wounded.
You hear the creaking of a distant portcullis.
The orc warrior barely misses you.
You closely miss the orc warrior.
The orc warrior is lightly wounded.
You block the orc warrior's attack.
You hit the orc warrior but do no damage.
You headbutt the orc warrior!
The orc warrior is heavily wounded.
You block the orc warrior's attack.
You barely miss the orc warrior. You headbutt the orc warrior.
The orc warrior is severely wounded.
The orc warrior hits you with a +0 halberd!
* * * LOW HITPOINT WARNING * * *
The orc warrior hits you with a +0 halberd!
You die...

.......#
#.#
...|...#
#.#
.......#
#.#
.......#
#.#
.......#
#.#
##.....#
#.#
##.....#
#.#
##.....#
########.#
........
.......@)#
. ...##
#####..o##
.. +...#
.. #...#
.....
.....#
###+##
......#
.....##
.....#.#
.......


You could see an orc warrior.

Vanquished Creatures
  Grinder (D:6)
  A steam dragon (D:6)
  An acid dragon (D:7)
  2 water moccasins
  An ice beast (D:6)
  3 ogres
  2 centaurs
  2 kobold brigands (D:6)
  6 bullfrogs
  5 scorpions
  A jelly (D:5)
  3 hounds
  2 orc priests (D:5)
  Jessica (D:3)
  4 iguanas
  Ijyb (D:3)
  3 orc wizards
  2 sleepcaps (D:6)
  Natasha (thrice) (D:3)
  8 gnolls
  11 adders
  2 shadow imps (D:6)
  A white imp (D:6)
  2 ufetubi
  A worm (D:4)
  4 dart slugs
  28 orcs
  7 ball pythons
  4 bats (D:1)
  6 endoplasms
  A giant cockroach (D:4)
  16 goblins
  16 hobgoblins
  8 jackals
  2 quokkas
  2 frilled lizards
  11 kobolds
  11 rats
185 creatures vanquished.

Vanquished Creatures (others)
  A black bear (D:6)
1 creature vanquished.

Grand Total: 186 creatures vanquished

Notes
Turn   | Place    | Note
-------+----------+-------------------------------------------
     0 | D:1      | Martska the Demonspawn Fighter began the quest for the Orb.
     0 | D:1      | Reached XP level 1. HP: 18/18 MP: 1/1
   211 | D:1      | Gained mutation: You have a pair of small horns on your
                  | head. [demonic ancestry]
   211 | D:1      | Reached XP level 2. HP: 24/24 MP: 2/2
   269 | D:1      | Reached skill level 1 in Dodging
   577 | D:1      | Gained mutation: You are partially covered in large bone
                  | plates. (SH +4) [demonic ancestry]
   577 | D:1      | Reached XP level 3. HP: 28/29 MP: 3/3
  1045 | D:2      | Reached XP level 4. HP: 34/37 MP: 4/4
  1681 | D:3      | Noticed Jessica
  1693 | D:3      | Killed Jessica
  1803 | D:3      | Reached skill level 4 in Fighting
  1901 | D:3      | Noticed Ijyb
  1919 | D:3      | Killed Ijyb
  1920 | D:3      | Reached XP level 5. HP: 15/42 MP: 5/5
  2280 | D:3      | Noticed Natasha
  2291 | D:3      | Killed Natasha
  2721 | D:3      | Noticed Natasha
  2730 | D:3      | Killed Natasha
  2835 | D:3      | Noticed Natasha
  2841 | D:3      | Killed Natasha
  2842 | D:3      | Reached XP level 6. HP: 32/49 MP: 6/6
  3228 | D:4      | HP: 1/49 [ogre/+0 giant spiked club (12)]
  3897 | D:5      | Entered Level 5 of the Dungeon
  3939 | D:5      | Reached skill level 5 in Fighting
  4046 | D:5      | Reached XP level 7. HP: 56/56 MP: 7/7
  4541 | D:5      | Found Bicieluj's Bounteous Boutique.
  4619 | D:5      | Reached skill level 6 in Fighting
  4633 | D:5      | Found a hide-covered altar of Uskayaw.
  4650 | D:5      | Gained mutation: You are mostly covered in large bone
                  | plates. (SH +6) [demonic ancestry]
  4650 | D:5      | Reached XP level 8. HP: 26/64 MP: 8/8
  5575 | D:6      | Found a stormy altar of Qazlal.
  5581 | D:6      | Reached skill level 5 in Dodging
  5616 | D:6      | Became a worshipper of Qazlal Stormbringer
  5646 | D:6      | Noticed Grinder
  5862 | D:6      | Found a staircase to the Ecumenical Temple.
  6011 | D:6      | Reached skill level 1 in Invocations
  6236 | D:6      | Reached skill level 7 in Fighting
  6423 | D:6      | Reached skill level 5 in Shields
  6714 | D:6      | Reached skill level 5 in Armour
  6714 | D:6      | Gained mutation: You have a pair of horns on your head.
                  | [demonic ancestry]
  6714 | D:6      | Reached XP level 9. HP: 71/72 MP: 11/11
  6738 | D:6      | Reached * piety under Qazlal
  7113 | D:6      | Found Xuqizim's Magic Scroll Shop.
  7177 | D:6      | Paralysed by Grinder for 2 turns
  7182 | D:6      | Paralysed by Grinder for 5 turns
  7200 | D:6      | Killed Grinder
  7269 | D:6      | Found a burning altar of Makhleb.
  7606 | D:7      | Slain by an orc warrior

Illustrated notes

Levels and vault maps discovered:
D:1:      dpeg_arrival_rooms_c, layout_loops_ring, minmay_pentomino_q2
D:2:      layout_basic
D:3:      layout_loops_corners, chequers_decorated_corner, wad_orctagon,
          uniq_ijyb, uniq_jessica, uniq_natasha
D:4:      layout_cave_pools, zin_academy
D:5:      corexii_shantytown, layout_basic, mainiacjoe_overflow_cross_hatched,
          nicolae_alphabet_shops, serial_bayou_lake_a
D:6:      minmay_thinvault, layout_loops_cross,
          nicolae_qazlal_general_emergency, lightli_temple_of_fire,
          minmay_temple_entry_arrows, serial_shops, nicolae_shop_rolled_up,
          uniq_grinder
D:7:      layout_basic, old_standard_altar, mainiacjoe_overflow_boulevard,
          enter_bailey_8

Skill      XL: |  1  2  3  4  5  6  7  8  9 |
---------------+----------------------------+-----
Dodging        | 1 2 3 4 5 6 |  6.6
Armour         | 3 4 5 |  5.3
Shields        | 3 4 5 |  5.4
Fighting       | 4 5 6 7 |  7.9
Invocations    | 2 4 |  4.0
Polearms       | |  1.7

Action                     |  1- 3 |  4- 6 |  7- 9 || total
---------------------------+-------+-------+-------++-------
  Melee: Trident           |   108 |   208 |   509 ||   825
         Headbutt          |    14 |    36 |    95 ||   145
    Use: Scroll            |       |     5 |     8 ||    13
         Potion            |       |     2 |     4 ||     6
 Armour: Scale mail        |    36 |    53 |   161 ||   250
  Dodge: Dodged            |    40 |    91 |   215 ||   346
  Block: Buckler           |    37 |    88 |   292 ||   417
